 Dungeon Crawl Stone Soup version 0.28.0-1-gb440e238dd (webtiles) character file.

Game seed: 3582166270317860318

85535 a3don the Unseen (level 15, -8/70 HPs)
             Began as a Spriggan Enchanter on Feb 20, 2022.
             Was an Initiate of Gozag.
             Succumbed to a death drake's foul vapour
             ... on level 1 of the Swamp.
             The game lasted 02:25:54 (36362 turns).

a3don the Unseen (Spriggan Enchanter)              Turns: 36362, Time: 02:25:56

Health: -8/70      AC:  9    Str:  4    XL:     15   Next: 38%
Magic:  35/40      EV: 27    Int: 24    God:    Gozag
Gold:   3940       SH:  0    Dex: 20    Spells: 2/37 levels left

rFire   + + .      SeeInvis +   a - +2 rapier (drain)
rCold   . . .      Faith    .   (no shield)
rNeg    . . .      Spirit   .   o - +2 robe "Plog" {rF++ Dex+4}
rPois   .          Reflect  .   D - +2 hat {Stlth+}
rElec   .          Harm     .   C - +2 cloak
rCorr   .          Rampage  .   (gloves unavailable)
Will    ++...                   (boots unavailable)
Stlth   +++++++...              v - amulet of the acrobat
HPRegen 0.21/turn               X - ring of flight
MPRegen 0.27/turn               T - ring of magical power

@: lethally poisoned (-8 -> -64), flying, slowed, quick
A: very small, no large weapons, unfitting armour, see invisible, speed 3
a: Renounce Religion, Potion Petition, Call Merchant, Bribe Branch


You were on level 1 of the Swamp.
You worshipped Gozag.
Gozag was most pleased with you.
You visited 5 branches of the dungeon, and saw 23 of its levels.
You also visited: Bailey.

You collected 6642 gold pieces.
You spent 1339 gold pieces at shops.
You paid 1363 gold pieces to Gozag.

Inventory:

Hand Weapons
 a - a +2 rapier of draining (weapon)
 b - a +0 hand crossbow of flaming
 f - a +4 vampiric short sword
 w - a +2 short sword of distortion
 L - a +0 short sword of venom
Missiles
 n - 28 poisoned darts (quivered)
 H - 4 curare-tipped darts
 V - 52 bolts
 Y - 5 atropa-tipped darts
Armour
 o - the +2 robe "Plog" (worn) {rF++ Dex+4}
   (You found it on level 2 of the Dungeon)

   Dex:       It affects your dexterity (+4).
   rF:        It greatly protects you from fire.
 t - a +3 buckler
 C - a +2 cloak (worn)
 D - a +2 hat of stealth (worn)
Magical Staves
 h - a staff of poison
 B - a staff of fire
Jewellery
 i - a ring of positive energy
 v - an amulet of the acrobat (around neck)
 G - a ring of protection from fire
 N - a ring of fire
 R - a ring of protection from fire
 T - a ring of magical power (right hand)
 X - a ring of flight (left hand)
Wands
 p - a wand of digging (6)
 q - a wand of iceblast (18)
 J - a wand of acid (11)
 O - a wand of polymorph (22)
 Q - a wand of mindburst (4)
Scrolls
 e - a scroll of holy word {unknown}
 l - 2 scrolls of magic mapping
 u - 2 scrolls of summoning
 y - a scroll of immolation
 E - 3 scrolls of fog
 F - 5 scrolls of fear
 I - 9 scrolls of teleportation
 K - 6 scrolls of blinking
Potions
 c - 2 potions of invisibility
 d - 3 potions of magic
 g - 3 potions of haste
 m - 5 potions of brilliance
 r - 2 potions of berserk rage
 s - 10 potions of curing
 x - 3 potions of cancellation
 z - 5 potions of heal wounds
 A - 6 potions of lignification
 P - 2 potions of mutation
 S - 8 potions of ambrosia
 W - 3 potions of might
Miscellaneous
 U - a piece from Xom's chessboard (15/15)
 Z - a phantom mirror


   Skills:
 - Level 4.2 Fighting
 - Level 10.1 Short Blades
 - Level 5.6 Crossbows
 - Level 12.3 Dodging
 - Level 15.0 Stealth
 - Level 1.2 Shields
 - Level 11.5 Spellcasting
 - Level 4.0 Conjurations
 - Level 11.5 Hexes
 - Level 6.3 Summonings
 - Level 9.6 Transmutations
 - Level 2.5 Fire Magic
 + Level 7.6 Ice Magic
 - Level 3.9 Earth Magic
 + Level 7.2 Poison Magic


You had 2 spell levels left.
You knew the following spells:

 Your Spells              Type           Power      Damage    Failure   Level
a - Ensorcelled Hibernat  Hex/Ice        100%       N/A       1%          2
b - Confusing Touch       Hex            62%        N/A       1%          3
c - Foxfire               Conj/Fire      100%       2x1d9     1%          1
d - Summon Ice Beast      Ice/Summ       47%        N/A       2%          4
e - Tukima's Dance        Hex            62%        N/A       1%          3
f - Ice Form              Ice/Tmut       53%        N/A       1%          4
g - Metabolic Englaciati  Hex/Ice        28%        N/A       2%          5
h - Summon Mana Viper     Hex/Summ       54%        N/A       3%          5
i - Leda's Liquefaction   Hex/Erth       25%        N/A       1%          4
j - Olgreb's Toxic Radia  Pois           48%        N/A       2%          4

Your spell library contained the following spells:

 Spells                   Type           Power      Damage    Failure   Level
 Dazzling Flash           Conj/Hex       100%       N/A       1%          3
 Frozen Ramparts          Ice            100%       1d12      1%          3
 Portal Projectile        Hex/Tloc       82%        N/A       1%          3
 Petrify                  Tmut/Erth      46%        N/A       2%          4
 Blade Hands              Tmut           28%        N/A       2%          5
 Summon Lightning Spire   Summ/Air       29%        N/A       12%         4
 Lee's Rapid Deconstruct  Erth           16%        3d11*     24%         5
 Statue Form              Tmut/Erth      30%        N/A       38%         6
 Airstrike                Air            6%         N/A       41%         4
 Lightning Bolt           Conj/Air       11%        1d24      50%         5
 Excruciating Wounds      Necr           6%         N/A       77%         5
 Ozocubu's Refrigeration  Ice            25%        4d10      86%         7
 Starburst                Conj/Fire      14%        6d6       88%         6
 Discord                  Hex            31%        N/A       95%         8
 Ignition                 Fire           12%        3d6       100%        8


Dungeon Overview and Level Annotations

Branches:
Dungeon (13/15)            Temple (1/1) D:5            Lair (6/6) D:8
  Swamp (2/4) Lair:2       Spider (0/4) Lair:4        Slime (0/5) Lair:5
    Orc (1/2) D:10         Bailey (visited)
 Vaults: D:13-14

Altars:
Ashenzari
Cheibriados
Dithmenos
Elyvilon
Fedhas
Gozag
Hepliaklqana
Kikubaaqudgha
Makhleb
Nemelex Xobeh
Okawaru
Qazlal
Ru
Sif Muna
Trog
Uskayaw
Vehumet
Wu Jian
Xom
Yredelemnul
Zin
The Shining One
Jiyva

Shops:
D:4 :   Orc:1 *   Lair:1 *   Lair:2 :

Annotations:
D:12 1 runed translucent door
Lair:6 1 runed translucent door, Etunu's ghost, journeyman GrFi


Innate Abilities, Weirdness & Mutations

You are very small and have problems with some larger weapons.
You are too small for most types of armour.
You have supernaturally acute eyesight. (SInv)
You cover ground extremely quickly. (Speed+++)


Message History

There is a stone staircase leading up, spattered with blood here.
You feel very sick.
Something barely misses your mana viper.
Something misses your mana viper. What are your orders? t - Shout!
Orders for allies: a - Attack new target. r - Retreat! s - Stop attacking. g - Guard the area. f - Follow me.
Anything else - Cancel.
Retreat in which direction?
Press: ? - help, Dir - move target Fall back!
You feel sick. What are your orders? t - Shout!
Orders for allies: a - Attack new target. r - Retreat! s - Stop attacking. g - Guard the area. f - Follow me.
Anything else - Cancel.
Gang up on whom?
Press: ? - help, Dir - move target, f - death drake
Aim: a death drake Attack!
You feel sick.
Your mana viper bites the death drake!
Your ice beast closely misses the death drake.
The death drake breathes miasma at you. The foul vapour engulfs you!
You are more poisoned.
You are engulfed in dark miasma.
You are lethally poisoned!
You feel as though you will be slow longer.
You feel extremely sick.
Your mana viper bites the death drake.
Your ice beast hits the death drake but does no damage. x2
The death drake breathes miasma at you. The foul vapour engulfs you!
You are more poisoned.
* * * LOW HITPOINT WARNING * * *
You fly upwards.
You die...
Your body crumbles into a pile of gold.

♣♣ ♣♣♣ ♣. ♣♣§♣ ♣♣
♣♣.♣♣ ♣ ♣
♣♣♣♣♣♣♣♣♣♣♣♣♣♣ ♣..♣ ♣
♣♣♣≈...≈....≈♣≈♣♣
♣♣≈♣♣
...≈♣≈≈≈≈≈≈.≈.≈.♣♣
♣≈≈♣
..≈≈♣.≈.§§..≈.≈.@♣♣♣
♣♣≈.♣
♣.....≈.♣♣♣♣.....≈≈♣♣
♣.≈.♣ ♣♣§≈≈♣.♣♣
♣♣♣♣.≈≈≈≈♣♣♣.§♣♣
♣...♣♣♣ ♣♣≈≈≈.§♣...♣
♣...♣ ♣♣..≈≈..♣.♣
♣♣..♣♣ ♣♣.≈§≈≈≈.♣
♣.≈≈♣ ♣.≈...≈≈♣ ♣♣.≈♣
♣♣≈≈≈≈≈♣♣ ♣..♣♣♣♣♣♣♣♣
♣.≈≈≈.♣♣


There were no monsters in sight!

Vanquished Creatures
  A bunyip (Swamp:1)
  3 hydras
  3 boulder beetles
  A ghost crab (Swamp:2)
  A centaur warrior (D:13)
  A death knight (D:12)
  An ogre mage (D:10)
  5 two-headed ogres
  An alligator (Swamp:1)
  A tengu warrior (D:13)
  Urug (D:12)
  13 slime creatures
  Sonja (Lair:6)
  A spriggan druid (Swamp:1)
  A swamp dragon (Lair:2)
  A lindwurm (Lair:6)
  A deep elf archer (D:13)
  A deep elf pyromancer (D:12)
  An orc sorcerer (D:10)
  4 cyclopes
  A manticore (D:12)
  11 elephants
  5 black mambas
  11 cane toads
  3 rime drakes
  6 komodo dragons
  A freezing wraith (D:12)
  4 trolls
  A bloated husk (Swamp:1)
  A polar bear (shapeshifter) (D:12)
  A polar bear (Lair:4)
  A queen bee (Lair:2)
  A hornet (D:9)
  2 dream sheep
  11 blink frogs
  Prince Ribbit (D:7)
  A wraith (D:11)
  A vampire (D:11)
  3 wyverns
  2 basilisks
  Eustachio (D:4)
  65 yaks
  A shadow (D:9)
  Edmund (D:5)
  A steam dragon (D:7)
  Menkaure (D:4)
  2 swamp worms (Swamp:1)
  20 water moccasins
  Duvessa (D:6)
  5 acid dragons
  6 orc warriors
  2 ice beasts
  3 black bears
  An ogre (D:6)
  3 necrophages (D:6)
  18 wolves
  9 centaurs
  3 kobold brigands
  2 gnoll sergeants
  15 bullfrogs
  A wyvern zombie (D:8)
  4 scorpions
  Dowan (D:6)
  29 killer bees
  A wight (D:10)
  2 howler monkeys (D:7)
  4 centaur zombies
  2 bullfrog zombies
  A hound (D:4)
  3 jellies
  Crazy Yiuf (D:5)
  4 orc priests
  A gnoll shaman (D:6)
  2 centaur skeletons
  5 iguanas
  Jessica (D:3)
  Terence (D:2)
  6 orc wizards
  3 howler monkey zombies
  14 gnolls
  A howler monkey skeleton (D:7)
  7 adders
  A shadow imp (D:5)
  A white imp (D:6)
  A worm (D:3)
  A dart slug (D:1)
  28 orcs
  7 ball pythons
  8 endoplasms
  8 goblins
  2 hobgoblins
  2 jackals (D:2)
  3 quokkas
  4 bats
  4 frilled lizards
  25 kobolds
  A rat (D:2)
  A bush (Lair:3)
462 creatures vanquished.

Vanquished Creatures (collateral kills)
  Rupert (D:13)
  Gastronok (Lair:3)
  2 eleionomae
  2 bunyips (Swamp:1)
  Snorg (Lair:6)
  A hydra (Lair:2)
  3 catoblepae (Lair:6)
  A two-headed ogre (D:13)
  5 death yaks (Lair:6)
  2 alligators (Swamp:1)
  2 goliath frogs
  4 skeletal warriors
  3 bog bodies (Swamp:1)
  2 manticores (Lair:6)
  A will-o-the-wisp (Swamp:1)
  A cane toad (Lair:6)
  A rime drake (Lair:5)
  2 komodo dragons (Lair:5)
  A troll (D:10)
  7 hornets
  A blink frog (Lair:6)
  3 tyrant leeches (Swamp:1)
  6 dream sheep
  7 spriggans
  3 wraiths
  7 yaks
  A basilisk (Lair:5)
  An acid dragon (D:10)
  6 orc warriors
  A black bear (Lair:4)
  3 centaurs (Bailey)
  10 wolves
  2 bullfrogs
  12 orcs
  A hobgoblin (D:10)
  A goblin (D:10)
108 creatures vanquished.

Vanquished Creatures (others)
  A slime creature (D:12)
  13 dancing weapons
  An orc (Bailey)
  70 foxfires
  77 fungi
  98 plants
260 creatures vanquished.

Grand Total: 830 creatures vanquished

Notes
Turn   | Place    | Note
-------+----------+-------------------------------------------
     0 | D:1      | a3don the Spriggan Enchanter began the quest for the Orb.
     0 | D:1      | Reached XP level 1. HP: 9/9 MP: 5/5
   318 | D:1      | Reached XP level 2. HP: 13/13 MP: 6/6
   378 | D:1      | Learned a level 2 spell: Ensorcelled Hibernation
  1204 | D:2      | Identified the +2 robe "Plog" {rF++ Dex+4}
  1209 | D:2      | Reached XP level 3. HP: 15/16 MP: 8/8
  1319 | D:2      | Noticed Terence
  1325 | D:2      | Killed Terence
  1326 | D:2      | Reached skill level 5 in Stealth
  1838 | D:3      | Reached XP level 4. HP: 21/21 MP: 10/10
  2352 | D:3      | Learned a level 3 spell: Confusing Touch
  2496 | D:3      | Reached XP level 5. HP: 20/24 MP: 8/11
  2618 | D:3      | Noticed Jessica
  2625 | D:3      | Killed Jessica
  2862 | D:4      | Noticed Menkaure
  2865 | D:4      | Killed Menkaure
  2866 | D:4      | Reached skill level 6 in Stealth
  2866 | D:4      | Reached XP level 6. HP: 28/28 MP: 11/13
  2889 | D:4      | Noticed a +0 dagger
  2893 | D:4      | Noticed a +0 dagger
  2896 | D:4      | Reached skill level 1 in Ice Magic
  2896 | D:4      | Found a hide-covered altar of Uskayaw.
  3147 | D:4      | Found Didimmou's Book Emporium.
  3167 | D:4      | Reached skill level 5 in Hexes
  3663 | D:4      | Noticed Eustachio
  3676 | D:4      | Killed Eustachio
  3677 | D:4      | Reached XP level 7. HP: 24/32 MP: 3/15
  3783 | D:5      | Entered Level 5 of the Dungeon
  3822 | D:5      | Found a staircase to the Ecumenical Temple.
  3830 | D:5      | Reached skill level 5 in Dodging
  3933 | Temple   | Entered the Ecumenical Temple
  4325 | Temple   | Became a worshipper of Gozag Ym Sagoz the Greedy
  4350 | D:5      | Noticed a two-headed ogre
  4367 | D:5      | Killed a two-headed ogre
  4368 | D:5      | Reached skill level 7 in Stealth
  4368 | D:5      | Reached skill level 5 in Spellcasting
  4368 | D:5      | Reached XP level 8. HP: 36/36 MP: 12/17
  4382 | D:5      | Learned a level 3 spell: Tukima's Dance
  4616 | D:5      | Reached skill level 8 in Stealth
  4857 | D:5      | Noticed Edmund
  4868 | D:5      | Killed Edmund
  5132 | D:5      | Found a runed translucent door.
  5133 | D:5      | Noticed Crazy Yiuf
  5549 | D:5      | Killed Crazy Yiuf
  5690 | D:6      | Noticed Duvessa
  5690 | D:6      | Noticed Dowan
  5696 | D:6      | Killed Duvessa
  5697 | D:6      | Reached skill level 5 in Short Blades
  5702 | D:6      | Killed Dowan
  6114 | D:6      | Reached XP level 9. HP: 39/39 MP: 19/19
  6170 | D:6      | Reached skill level 9 in Stealth
  7617 | D:7      | Reached skill level 1 in Transmutations
  7622 | D:7      | Noticed Prince Ribbit
  7935 | D:7      | Killed Prince Ribbit
  8121 | D:8      | Reached skill level 1 in Summonings
  8136 | D:8      | Reached skill level 10 in Stealth
  8286 | D:8      | Found a staircase to the Lair.
  8336 | D:8      | Reached XP level 10. HP: 20/44 MP: 12/22
 11401 | D:9      | Learned a level 4 spell: Summon Ice Beast
 11409 | D:10     | Entered Level 10 of the Dungeon
 11459 | D:10     | Reached skill level 11 in Stealth
 11611 | D:10     | Reached skill level 5 in Ice Magic
 11620 | D:10     | Reached XP level 11. HP: 47/47 MP: 9/24
 11839 | D:10     | Reached skill level 5 in Transmutations
 12087 | D:10     | Found a flagged portal.
 12139 | Bailey   | Entered a bailey
 14668 | Bailey   | Got the Papyrus of Burning Beguiling
 14799 | D:10     | Noticed a skeletal warrior
 14799 | D:10     | Noticed an ogre mage
 14801 | D:10     | Noticed a two-headed ogre
 14841 | D:10     | Killed a two-headed ogre
 15235 | D:10     | Killed an ogre mage
 15236 | D:10     | Reached skill level 1 in Crossbows
 15487 | D:10     | Learned a level 1 spell: Foxfire
 15756 | D:10     | Reached skill level 12 in Stealth
 15879 | D:4      | Bought a book of Sloth for 360 gold pieces
 15884 | D:4      | Learned a level 4 spell: Ice Form
 15970 | Lair:1   | Entered Level 1 of the Lair of Beasts
 15979 | Lair:1   | Reached skill level 10 in Dodging
 16430 | Lair:1   | Reached XP level 12. HP: 51/51 MP: 18/26
 17494 | Lair:2   | Noticed an eight-headed hydra
 17494 | Lair:2   | You fall into a shaft and drop 2 floors!
 17519 | Lair:3   | Noticed Gastronok
 17892 | Lair:3   | Reached skill level 1 in Fire Magic
 17935 | Lair:3   | Reached skill level 1 in Fighting
 18368 | Lair:2   | Found a staircase to the Swamp.
 18481 | Lair:2   | Reached skill level 1 in Conjurations
 18481 | Lair:2   | Reached skill level 10 in Hexes
 18842 | Lair:2   | Reached skill level 13 in Stealth
 20123 | Lair:2   | Reached skill level 5 in Summonings
 20129 | Lair:2   | Reached skill level 10 in Spellcasting
 20535 | Lair:2   | Learned a level 5 spell: Metabolic Englaciation
 20541 | Lair:2   | Learned a level 5 spell: Summon Mana Viper
 20546 | Lair:2   | Learned a level 4 spell: Leda's Liquefaction
 20623 | Lair:3   | Killed Gastronok
 20624 | Lair:3   | Reached XP level 13. HP: 58/58 MP: 20/28
 22304 | Lair:4   | Found a hole to the Spider Nest.
 22507 | Lair:5   | Found a staircase to the Slime Pits.
 22507 | Lair:5   | Found a viscous altar of Jiyva.
 23019 | Lair:5   | Reached skill level 1 in Earth Magic
 23900 | Lair:6   | Entered Level 6 of the Lair of Beasts
 23900 | Lair:6   | Noticed Snorg
 23905 | Lair:6   | Killed Snorg
 24258 | Lair:6   | Noticed Sonja
 24266 | Lair:6   | Killed Sonja
 24594 | Lair:6   | Reached skill level 14 in Stealth
 25656 | Lair:6   | Found a runed translucent door.
 25656 | Lair:6   | Found a shimmering altar of Xom.
 25656 | Lair:6   | Noticed Etunu's ghost (journeyman GrFi)
 25657 | Lair:6   | Identified the +5 broad axe "Worm" {chaos, rN++ Stlth-}
 25711 | Lair:6   | Reached XP level 14. HP: 30/65 MP: 20/29
 26323 | Lair:6   | Reached skill level 5 in Crossbows
 27930 | D:10     | Found a staircase to the Orcish Mines.
 28931 | D:12     | Noticed Urug
 28947 | D:12     | Killed Urug
 29844 | D:12     | Reached skill level 10 in Short Blades
 29872 | D:12     | Found a runed translucent door.
 29896 | D:12     | Noticed a frost giant
 30417 | D:12     | Identified the +8 falchion "Luxuaxe" {drain, Str+3 Dex+3}
 30884 | D:13     | Noticed Rupert
 30891 | D:13     | Paralysed by Rupert for 5 turns
 30907 | D:13     | Killed Rupert
 31658 | D:13     | Reached skill level 1 in Shields
 32288 | Orc:1    | Entered Level 1 of the Orcish Mines
 32288 | Orc:1    | Found Vukkytee's Gadget Gallery.
 32293 | Orc:1    | Reached skill level 15 in Stealth
 32483 | Lair:2   | Bought the Unrestrained Analects for 792 gold pieces
 32527 | Swamp:1  | Entered Level 1 of the Swamp
 32571 | Swamp:1  | Reached XP level 15. HP: 69/70 MP: 25/31
 32757 | Swamp:1  | Reached skill level 1 in Poison Magic
 33686 | Lair:1   | Bought a scroll of enchant armour for 187 gold pieces
 34500 | Swamp:1  | Paralysed by a hornet for 2 turns
 34845 | Swamp:1  | Reached skill level 5 in Poison Magic
 34853 | Swamp:1  | Learned a level 4 spell: Olgreb's Toxic Radiance
 36362 | Swamp:1  | Succumbed to a death drake's foul vapour

Illustrated notes

Levels and vault maps discovered:
D:1:      tarquinn_simple_flora_water_b, layout_loops_corners,
          serial_bayou_ford_a
D:2:      layout_loops_ring, uniq_terence
D:3:      layout_loops_ring, uniq_jessica
D:4:      layout_loops_ring, dancing_weapons_uskayaw, serial_shops,
          nicolae_shop_advertising_works [nicolae_subvault_shop_adworks],
          hangedman_decor_opposing, uniq_menkaure, uniq_eustachio
D:5:      layout_loops_ring, minmay_temple_entry_grid, uniq_crazy_yiuf_cottage,
          uniq_edmund
D:6:      layout_loops_ring, kennysheep_generic_room_13, uniq_duvessa
D:7:      layout_rooms, uniq_prince_ribbit1
D:8:      layout_rooms, due_lair_maze_entry_diamond
D:9:      layout_basic, minmay_increasing_density
D:10:     layout_loops_ring, orc_0_dummy, enter_bailey_4, minmay_bent
D:11:     layout_basic
D:12:     layout_loops_ring, minmay_hidden_floor, uniq_urug
D:13:     layout_long_grid, grunt_vaults_entry_fortified, uniq_rupert
Temple:   mainiacjoe_temple_circle_huts
Lair:1:   layout_misc_corridors, beast_lair_carwin_7
Lair:2:   layout_roguey [special_room_bee], minmay_swamp_entry_reptiles,
          serial_bayou_crossing, grunt_megastairs_2, lemuel_fruit_fields
Lair:3:   layout_roguey, wad_woods_06, grunt_megastairs_5, uniq_gastronok
Lair:4:   layout_long_grid, spider_nest_entry_web_field
Lair:5:   layout_small_grid, slime_altar_1, columned_hall_lemuel,
          infiniplex_staircase_pool_2
Lair:6:   evilmike_catoblepas_cave, layout_gridlike, ebering_ghost_xom,
          uniq_sonja, uniq_snorg
Swamp:1:  layout_falls_marsh, evilmike_swamp_ruin_house_1
Swamp:2:  layout_basic_swamp, evilmike_swamp_ruin_house_4
Orc:1:    layout_diamond_mine, serial_shops, shop, nicolae_shop_gadgets

Skill      XL: |  1  2  3  4  5  6  7  8  9 10 11 12 13 14 15 |
---------------+----------------------------------------------+-----
Dodging        | 3 4 6 7 8 9 10 11 12 | 12.3
Spellcasting   | 3 4 5 6 7 8 9 10 11 | 11.5
Hexes          | 4 5 6 7 8 9 10 11 | 11.5
Short Blades   | 2 3 4 5 6 7 8 9 10 | 10.1
Stealth        | 5 6 7 8 10 11 12 13 14 15 | 15.0
Ice Magic      | 1 2 3 4 5 6 7 |  7.6
Transmutations | 2 4 6 7 8 9 |  9.6
Summonings     | 1 3 4 5 6 |  6.3
Crossbows      | 2 3 4 5 |  5.6
Fire Magic     | 2 |  2.5
Fighting       | 2 3 4 |  4.2
Conjurations   | 1 3 4 |  4.0
Earth Magic    | 2 3 |  3.9
Shields        | 1 |  1.2
Poison Magic   | 7 |  7.2

Action                   |  1- 3 |  4- 6 |  7- 9 | 10-12 | 13-15 || total
-------------------------+-------+-------+-------+-------+-------++-------
Melee: Dagger            |    28 |       |       |       |       ||    28
       Short sword       |    46 |    75 |   288 |   429 |   172 ||  1010
       Punch             |     1 |     1 |     3 |     7 |    18 ||    30
       Rapier            |       |       |       |       |   292 ||   292
       Unarmed           |       |       |       |       |    55 ||    55
 Fire: Hand crossbow     |       |       |       |       |     6 ||     6
Throw: Dart              |       |       |     1 |    91 |    28 ||   120
       Stone             |       |       |       |     6 |       ||     6
 Cast: Ensorcelled Hiber |     3 |    13 |    53 |   217 |   131 ||   417
       Confusing Touch   |       |       |    15 |    26 |    30 ||    71
       Tukima's Dance    |       |       |       |    42 |     2 ||    44
       Summon Ice Beast  |       |       |       |    14 |    71 ||    85
       Foxfire           |       |       |       |     3 |    35 ||    38
       Summon Mana Viper |       |       |       |     1 |    88 ||    89
       Metabolic Englaci |       |       |       |       |    29 ||    29
       Ice Form          |       |       |       |       |     8 ||     8
       Leda's Liquefacti |       |       |       |       |     1 ||     1
Invok: Call Merchant     |       |       |       |     1 |     1 ||     2
  Use: Scroll            |       |       |     2 |    22 |     9 ||    33
       Potion            |       |       |       |     1 |     1 ||     2
 Stab: Sleeping          |    14 |    12 |    43 |   143 |    92 ||   304
       Distracted        |       |     1 |     3 |     3 |     5 ||    12
       Confused          |       |       |    13 |    26 |    31 ||    70
Armor: Robe              |    10 |     7 |    15 |    38 |    46 ||   116
       Skin              |       |       |       |       |    22 ||    22
Dodge: Dodged            |    46 |    42 |   202 |   404 |   425 ||  1119
Block: Buckler           |       |       |       |       |    24 ||    24
